 Dungeon Crawl Stone Soup version 0.29.0-4-gdea44cf6ec (webtiles) character file.

Game seed: 11647547278719766339

1236 qw the Grappler (level 8, -11/75 HPs)
             Began as a Troll Cinder Acolyte on Sept 1, 2022.
             Was a High Priest of Ignis.
             Mangled by a two-headed ogre
             ... wielding a +0 giant club
              (12 damage)
             ... on level 7 of the Dungeon.
             The game lasted 00:02:16 (4684 turns).

qw the Grappler (Troll Cinder Acolyte)              Turns: 4684, Time: 00:02:16

Health: -11/75     AC: 11    Str: 25    XL:     8   Next: 24%
Magic:  8/8        EV:  9    Int: 10    God:    Ignis [*****.]
Gold:   111        SH:  0    Dex:  5    Spells: 9/9 levels left

rFire   + . .      SeeInvis .     - Unarmed
rCold   x . .      Faith    .   (no shield)
rNeg    . . .      Spirit   .   g - +0 robe of a Labyrinth {rPois rC- Regen+}
rPois   +          Reflect  .   (helmet restricted)
rElec   .          Harm     .   (no cloak)
rCorr   .          Rampage  .   (gloves unavailable)
Will    +....                   (boots unavailable)
Stlth   +.........              d - amulet of the acrobat
HPRegen 1.82/turn               j - ring of willpower
MPRegen 0.11/turn               (no ring)

@: fiery-armoured
A: large, unfitting armour, claws 3, regeneration 1, shaggy fur 1, tough skin 1
a: Renounce Religion, Fiery Armour, Foxfire Swarm, Rising Flame


You were on level 7 of the Dungeon.
You worshipped Ignis.
Ignis was extremely pleased with you.
You visited 1 branch of the dungeon, and saw 7 of its levels.

You collected 389 gold pieces.
You spent 278 gold pieces at shops.


Innate Abilities, Weirdness & Mutations

You are too large for most types of armour.
You have claws for hands.
Your natural rate of healing is unusually fast.
You are covered in fur. (AC +1)
You have tough skin. (AC +1)


   Skills:
 - Level 3.0 Fighting
 - Level 2.7 Throwing
 - Level 1.5 Dodging
 + Level 9.3 Unarmed Combat
 - Level 1.0 Spellcasting
 - Level 2.1 Fire Magic


You had 9 spell levels left.
You didn't know any spells.
Your spell library contained the following spells:

 Spells                   Type           Power      Damage    Failure   Level
 Scorch                   Fire           8%         2d5       22%         2

Inventory:

Missiles
 b - a javelin (quivered)
Armour
 a - a +0 robe
 g - the +0 robe of a Labyrinth (worn) {rPois rC- Regen+}
   (You bought it in a shop on level 2 of the Dungeon)

   rC:        It makes you vulnerable to cold.
   rPois:     It protects you from poison.
   Regen:     It increases your rate of health regeneration.
Jewellery
 d - an amulet of the acrobat (around neck)
 j - a ring of willpower (left claw)
 k - a ring of poison resistance
Scrolls
 i - 4 scrolls of identify
 l - a scroll of brand weapon
Potions
 c - a potion of might
 e - 5 potions of curing
 f - a potion of haste
 m - a potion of cancellation {unknown}
 p - a potion of invisibility {unknown}
 q - a potion of degeneration {unknown}

Dungeon Overview and Level Annotations

Branches:
Dungeon (7/15)
 Temple: D:4-7

Altars:
Ashenzari
Kikubaaqudgha
Nemelex Xobeh
Qazlal
Yredelemnul
The Shining One

Shops:
D:2 [   D:7 ?

Annotations:
D:6 1 runed translucent door, Crazy Yiuf


Message History

i - 2 scrolls of identify (gained 1) Thank you for shopping at Hirch's Magic Scroll Emporium!
4675 ||| BUYING scroll of identify (22 gold).
i - 3 scrolls of identify (gained 1) Thank you for shopping at Hirch's Magic Scroll Emporium!
4675 ||| BUYING scroll of identify (22 gold).
i - 4 scrolls of identify (gained 1) Thank you for shopping at Hirch's Magic Scroll Emporium!
Found a stone staircase leading up.
Throw: 3 javelins
Press: ? - help, Q - select action Shift-Dir - straight line, f - two-headed ogre You throw a javelin.
The javelin pierces through the two-headed ogre!
The two-headed ogre is moderately wounded.
Throw: 2 javelins
Press: ? - help, Q - select action Shift-Dir - straight line, f/p - two-headed ogre You throw a javelin.
The javelin barely misses the two-headed ogre.
You claw the two-headed ogre!
The two-headed ogre is moderately wounded.
The two-headed ogre hits you with a +0 giant club! x2
You scratch the two-headed ogre.
The two-headed ogre is moderately wounded.
You mangle the two-headed ogre!!
The two-headed ogre is severely wounded.
The two-headed ogre hits you with a +0 giant club!! x2
4682 ||| DRINKING potion of heal wounds.
You feel much better.
The two-headed ogre hits you with a +0 giant club.
The two-headed ogre barely misses you.
4683 ||| INVOKING Fiery Armour.
A protective cloak of flame settles atop you.
You scratch the two-headed ogre but do no damage.
Your claw misses the two-headed ogre.
The two-headed ogre is severely wounded.
The two-headed ogre hits you with a +0 giant club!!
The two-headed ogre is burned by your cloak of flames.
The two-headed ogre is severely wounded.
The two-headed ogre hits you with a +0 giant club!
You die...

#.....#
###..((.#
#.......#
+.......
#...... ##+#<
#.....#......
#.....#......
#.8..8#
######...##
##.## #.# #.#
#.#


You could see a two-headed ogre.

Vanquished Creatures
  2 water moccasins
  An ice beast (D:3)
  A phantom (D:4)
  A bullfrog (D:6)
  A necrophage (D:6)
  A howler monkey (D:4)
  3 hounds
  A jelly (D:6)
  A gnoll bouda (D:5)
  3 orc priests
  2 iguanas
  Ijyb (D:3)
  6 orc wizards
  5 adders
  9 gnolls
  2 worms (D:2)
  5 dart slugs
  21 orcs
  4 ball pythons
  4 bats
  9 endoplasms
  2 giant cockroaches
  9 goblins
  14 hobgoblins
  6 kobolds
  A quokka (D:2)
  2 frilled lizards
  7 rats
124 creatures vanquished.

Vanquished Creatures (others)
  48 plants (D:5)
48 creatures vanquished.

Grand Total: 172 creatures vanquished

Notes
Turn   | Place    | Note
-------+----------+-------------------------------------------
     0 | D:1      | qw the Troll Cinder Acolyte began the quest for the Orb.
     0 | D:1      | Reached XP level 1. HP: 22/22 MP: 1/1
     0 | D:1      | 0 ||| qw: Version: 0.1-a-97-g2dd2ca4
     0 | D:1      | 0 ||| qw: Game counter: 4691
     0 | D:1      | 0 ||| qw: Always use a shield: true
     0 | D:1      | 0 ||| qw: God list: Okawaru
     0 | D:1      | 0 ||| qw: Allow faded altars: false
     0 | D:1      | 0 ||| qw: Do Orc after D:15 true
     0 | D:1      | 0 ||| qw: Do second Lair branch before Depths: true
     0 | D:1      | 0 ||| qw: Lair rune preference: random
     0 | D:1      | 0 ||| qw: Plans: Normal
     0 | D:1      | 0 ||| PLANNING D:1-11
   135 | D:1      | 135 ||| Stepping ~*~*~tactically~*~*~ (hiding).
   138 | D:1      | 138 ||| Stepping ~*~*~tactically~*~*~ (hiding).
   147 | D:1      | Reached XP level 2. HP: 29/29 MP: 2/2
   168 | D:1      | 168 ||| Stepping ~*~*~tactically~*~*~ (stealth).
   237 | D:1      | Reached skill level 4 in Unarmed Combat
   337 | D:1      | Reached XP level 3. HP: 36/36 MP: 3/3
   493 | D:1      | 493 ||| Stepping ~*~*~tactically~*~*~ (hiding).
   494 | D:1      | 494 ||| Stepping ~*~*~tactically~*~*~ (stealth).
   497 | D:1      | Reached skill level 1 in Throwing
   712 | D:1      | 712 ||| Stepping ~*~*~tactically~*~*~ (stealth).
   731 | D:1      | 731 ||| DROPPING amulet of magic regeneration.
   732 | D:1      | 732 ||| UPGRADING to amulet of the acrobat.
   737 | D:1      | 737 ||| READING scroll labelled MOKOBUL TIWIU.
   923 | D:2      | Found Ilatibb's Antique Armour Shop.
   933 | D:2      | 933 ||| BUYING ancient robe (108 gold).
   933 | D:2      | Bought an ancient robe for 108 gold pieces
   933 | D:2      | Identified the +0 robe of a Labyrinth {rPois rC- Regen+}
                  | (You bought it in a shop on level 2 of the Dungeon)
   933 | D:2      | 933 ||| SHOPLISTING embroidered robe (70 gold, have 0).
  1199 | D:2      | 1199 ||| Stepping ~*~*~tactically~*~*~ (hiding).
  1356 | D:2      | Reached XP level 4. HP: 44/44 MP: 4/4
  1457 | D:2      | 1457 ||| UPGRADING to +0 robe of a Labyrinth {rPois rC-
                  | Regen+}.
  1467 | D:2      | 1467 ||| READING scroll labelled WOHEDUORCHE.
  1468 | D:2      | 1468 ||| READING scroll labelled GICSOUWIFA.
  1469 | D:2      | 1469 ||| READING scroll labelled XALAQO ZADAMOIDGH.
  1568 | D:3      | 1568 ||| Stepping ~*~*~tactically~*~*~ (stealth).
  1632 | D:3      | Reached skill level 5 in Unarmed Combat
  1645 | D:3      | Found a broken altar of Ashenzari.
  1695 | D:3      | Noticed an ice beast
  1702 | D:3      | Killed an ice beast
  1703 | D:3      | Reached XP level 5. HP: 28/50 MP: 5/5
  1767 | D:3      | Found a sparkling altar of Nemelex Xobeh.
  1827 | D:3      | Found a stormy altar of Qazlal.
  2047 | D:3      | Found a basalt altar of Yredelemnul.
  2053 | D:3      | Found a glowing golden altar of the Shining One.
  2055 | D:3      | Noticed an angel
  2251 | D:3      | Found a faded altar of an unknown god.
  2364 | D:3      | 2364 ||| READING scroll labelled ENLULEAMAX.
  2365 | D:3      | 2365 ||| DRINKING 3 brown potions.
  2367 | D:4      | Noticed Ijyb
  2367 | D:4      | Noticed a water moccasin
  2368 | D:4      | 2368 ||| STAIRDANCE
  2372 | D:3      | Killed Ijyb
  2373 | D:3      | Reached skill level 6 in Unarmed Combat
  2377 | D:4      | Killed a water moccasin
  2378 | D:4      | Reached XP level 6. HP: 49/59 MP: 6/6
  2378 | D:4      | 2378 ||| STAIRDANCE
  2410 | D:4      | 2410 ||| Stepping ~*~*~tactically~*~*~ (hiding).
  2415 | D:4      | 2415 ||| INVOKING Fiery Armour.
  2417 | D:4      | Reached skill level 7 in Unarmed Combat
  2477 | D:4      | 2477 ||| FLEEEEING.
  2478 | D:4      | 2478 ||| FLEEEEING.
  2479 | D:4      | 2479 ||| FLEEEEING.
  2480 | D:4      | 2480 ||| FLEEEEING.
  2481 | D:4      | 2481 ||| FLEEEEING.
  2482 | D:4      | 2482 ||| FLEEEEING.
  2486 | D:4      | 2486 ||| Stepping ~*~*~tactically~*~*~ (hiding).
  2507 | D:4      | 2507 ||| Stepping ~*~*~tactically~*~*~ (stealth).
  2573 | D:4      | 2573 ||| INVOKING Fiery Armour.
  2596 | D:4      | Reached XP level 7. HP: 66/66 MP: 7/7
  2601 | D:4      | Reached skill level 8 in Unarmed Combat
  2677 | D:4      | 2677 ||| Stepping ~*~*~tactically~*~*~ (stealth).
  2788 | D:4      | 2788 ||| READING scroll labelled EMAECO ZISI.
  2789 | D:4      | 2789 ||| DRINKING 2 cyan potions.
  2797 | D:5      | Entered Level 5 of the Dungeon
  2833 | D:5      | 2833 ||| Stepping ~*~*~tactically~*~*~ (hiding).
  2834 | D:5      | 2834 ||| Stepping ~*~*~tactically~*~*~ (hiding).
  2836 | D:5      | 2836 ||| Stepping ~*~*~tactically~*~*~ (hiding).
  3135 | D:5      | Reached skill level 3 in Fighting
  3227 | D:5      | 3227 ||| Stepping ~*~*~tactically~*~*~ (stealth).
  3232 | D:5      | 3232 ||| Stepping ~*~*~tactically~*~*~ (hiding).
  3437 | D:5      | 3437 ||| UPGRADING to ring of willpower.
  3438 | D:5      | 3438 ||| READING scroll labelled LOEH OQEICS.
  3439 | D:5      | 3439 ||| READING scroll labelled JYESIY NURALU.
  3440 | D:5      | 3440 ||| READING 2 scrolls of identify.
  3440 | D:5      | 3440 ||| IDENTIFYING orange potion
  3611 | D:6      | 3611 ||| Stepping ~*~*~tactically~*~*~ (stealth).
  3614 | D:6      | 3614 ||| Stepping ~*~*~tactically~*~*~ (stealth).
  3703 | D:6      | 3703 ||| Stepping ~*~*~tactically~*~*~ (stealth).
  3730 | D:6      | Reached skill level 9 in Unarmed Combat
  3801 | D:6      | Reached XP level 8. HP: 65/75 MP: 8/8
  4044 | D:6      | Reached skill level 1 in Dodging
  4054 | D:6      | 4054 ||| Stepping ~*~*~tactically~*~*~ (stealth).
  4057 | D:6      | 4057 ||| Stepping ~*~*~tactically~*~*~ (stealth).
  4063 | D:6      | 4063 ||| Stepping ~*~*~tactically~*~*~ (stealth).
  4256 | D:6      | Found a runed translucent door.
  4257 | D:6      | Noticed Crazy Yiuf
  4285 | D:6      | 4285 ||| Stepping ~*~*~tactically~*~*~ (hiding).
  4297 | D:6      | 4297 ||| Stepping ~*~*~tactically~*~*~ (outnumbered).
  4298 | D:6      | 4298 ||| Stepping ~*~*~tactically~*~*~ (outnumbered).
  4299 | D:6      | 4299 ||| Stepping ~*~*~tactically~*~*~ (outnumbered).
  4300 | D:6      | 4300 ||| Stepping ~*~*~tactically~*~*~ (outnumbered).
  4302 | D:6      | 4302 ||| Stepping ~*~*~tactically~*~*~ (outnumbered).
  4304 | D:6      | 4304 ||| Stepping ~*~*~tactically~*~*~ (outnumbered).
  4305 | D:6      | 4305 ||| Stepping ~*~*~tactically~*~*~ (outnumbered).
  4396 | D:6      | Found an ancient bone altar of Kikubaaqudgha.
  4643 | D:6      | 4643 ||| READING scroll labelled VEOJUN YW HERGH.
  4644 | D:6      | 4644 ||| READING 3 scrolls of identify.
  4644 | D:6      | 4644 ||| IDENTIFYING blue potion
  4645 | D:6      | 4645 ||| READING 2 scrolls of identify.
  4645 | D:6      | 4645 ||| IDENTIFYING bubbling dark potion
  4646 | D:6      | 4646 ||| DROPPING potion of magic.
  4672 | D:7      | Noticed a two-headed ogre
  4672 | D:7      | Found Hirch's Magic Scroll Emporium.
  4675 | D:7      | 4675 ||| BUYING scroll of brand weapon (104 gold).
  4675 | D:7      | Bought a scroll of brand weapon for 104 gold pieces
  4675 | D:7      | 4675 ||| BUYING scroll of identify (22 gold).
  4675 | D:7      | Bought a scroll of identify for 22 gold pieces
  4675 | D:7      | 4675 ||| BUYING scroll of identify (22 gold).
  4675 | D:7      | Bought a scroll of identify for 22 gold pieces
  4675 | D:7      | 4675 ||| BUYING scroll of identify (22 gold).
  4675 | D:7      | Bought a scroll of identify for 22 gold pieces
  4681 | D:7      | HP: 4/75 [two-headed ogre/+0 giant club (21)]
  4682 | D:7      | 4682 ||| DRINKING potion of heal wounds.
  4683 | D:7      | 4683 ||| INVOKING Fiery Armour.
  4684 | D:7      | HP: 1/75 [two-headed ogre/+0 giant club (32)]
  4684 | D:7      | Mangled by a two-headed ogre

Levels and vault maps discovered:
D:1:      dpeg_arrival_concentric_ovals, layout_basic
D:2:      layout_loops_ring, serial_shops, nicolae_lakefront_shop
D:3:      layout_basic, grunt_temple_overflow_holy_war,
          nicolae_qazlal_eye_of_the_storm, mainiacjoe_overflow_small_starburst,
          nicolae_ashenzari_skybound, shapermc_ecumenical_altar_ellora
D:4:      layout_rooms, uniq_ijyb
D:5:      layout_cave_pools, serial_bayou, serial_bayou_ford_a,
          serial_bayou_crossing, serial_bayou_lagoon_a, serial_bayou_shore_b
D:6:      layout_layer_cave, kennysheep_mini_moat, uniq_crazy_yiuf_cottage
D:7:      layout_basic, overflow_temple_1_default,
          mainiacjoe_overflow_divided_tiny, minmay_temple_entry_antechambers,
          serial_shops, nicolae_stop_n_shop_2

Skill      XL: |  1  2  3  4  5  6  7  8 |
---------------+-------------------------+-----
Unarmed Combat | 4 5 6 7 9 |  9.3
Throwing       | 1 2 |  2.7
Fighting       | 3 |  3.0
Dodging        | 1 |  1.5
Spellcasting   | |  1.0
Fire Magic     | |  2.1

Action                   |  1- 3 |  4- 6 |  7- 9 || total
-------------------------+-------+-------+-------++-------
Melee: Unarmed           |    90 |    62 |   114 ||   266
       Punch             |     2 |     4 |     2 ||     8
Throw: Javelin           |    41 |    33 |    25 ||    99
Invok: Fiery Armour      |       |     2 |     1 ||     3
  Use: Scroll            |     1 |     4 |     7 ||    12
       Potion            |       |     1 |     2 ||     3
Armor: Robe              |    18 |    12 |    14 ||    44
Dodge: Dodged            |    30 |    23 |    43 ||    96

Table legend:
 A = Non-vault XP
 B = Vault XP
 C = Vault XP percentage of total XP
 D = Non-vault monster count
 E = Vault monster count
 F = Vault count percentage of total count
                 A         B        C        D         E       F
            +---------+---------+-------+---------+---------+-------
      Total |    1730 |      36 |   2.0 |     123 |       1 |   0.8
            +---------+---------+-------+---------+---------+-------
        D:1 |      62 |       0 |   0.0 |      31 |       0 |   0.0
        D:2 |      36 |       0 |   0.0 |      17 |       0 |   0.0
        D:3 |     162 |      36 |  18.2 |      15 |       1 |   6.2
        D:4 |     548 |       0 |   0.0 |      22 |       0 |   0.0
        D:5 |     210 |       0 |   0.0 |      10 |       0 |   0.0
        D:6 |     712 |       0 |   0.0 |      28 |       0 |   0.0
            +---------+---------+-------+---------+---------+-------
